 Dungeon Crawl Stone Soup version 0.17-a0-1769-g54adf96 (webtiles) character file.

568 kae the Carver (level 7, -1/45 HPs)
             Began as a High Elf Skald on Sept 7, 2015.
             Splashed by a jelly's acid (4 damage)
             ... on level 5 of the Dungeon.
             The game lasted 00:07:54 (5345 turns).

kae the Carver (High Elf Skald)                     Turns: 5345, Time: 00:07:54

Health: -1/45      AC: -6    Str: 12    XL:     7   Next: 11%
Magic:  11/11      EV: 10    Int: 17    God:
Gold:   204        SH:  0    Dex: 15    Spells: 1 memorised, 9 levels left

rFire  . . .     SeeInvis .     a - +0 falchion
rCold  + + .     Clarity  .     o - +1 ring mail {rC+}
rNeg   . . .     SustAt   .     (no shield)
rPois  .         Gourm    .     x - +2 helmet
rElec  .         Spirit   .     (no cloak)
rCorr  .         Warding  .     (no gloves)
rMut   .         Stasis   .     (no boots)
MR     .....                    (no amulet)
Stlth  +.........               (no ring)
                                l - ring of protection from cold

@: corroded equipment, not resistant to hostile enchantments, very unstealthy
A: no striking features
a: no special abilities


You were on level 5 of the Dungeon.
You were near starving.

You visited 1 branch of the dungeon, and saw 5 of its levels.
You also visited: Sewer.

You collected 204 gold pieces.

Inventory:

Hand weapons
 a - a +0 falchion (weapon)
Armour
 b - a +0 leather armour
 i - a troll hide {Purgy}
 o - a +1 ring mail of cold resistance (worn)
 p - a +2 hat
 x - a +2 helmet (worn)
Jewellery
 l - a ring of protection from cold (left hand)
Magical devices
 y - a wand of paralysis (15)
Scrolls
 e - 2 scrolls of blinking
 h - 2 scrolls of fear
 q - 3 scrolls of remove curse
 z - a scroll of teleportation {unknown}
Potions
 g - a potion of ambrosia {unknown}
 k - 3 potions of brilliance {unknown}
 m - a potion of resistance {unknown}
 r - 2 potions of heal wounds {unknown}
 s - a potion of mutation {unknown}
 t - 2 potions of poison {unknown}
 u - a potion of agility {unknown}
 w - a potion of might {unknown}
Books
 c - a book of Battle

   Spells                             Type                      Level
   a - Infusion                       Charms                       1
   b - Shroud of Golubria             Charms/Translocation         2
   c - Song of Slaying                Charms                       2
   d - Spectral Weapon                Hexes/Charms                 3
   e - Regeneration                   Charms/Necromancy            3
 v - an Akashic Record

   Spells                             Type                      Level
   a - Dispersal                      Translocation                6
   b - Controlled Blink               Translocation                7
   c - Malign Gateway                 Summoning/Translocation      7
   d - Disjunction                    Translocation                8
Comestibles
 d - a bread ration
 f - 6 fruits
 j - 3 beef jerkies
 n - 2 meat rations


   Skills:
 - Level 2.0 Fighting
 + Level 9.4 Long Blades
 - Level 0.8 Armour
 - Level 1.1 Dodging
 - Level 2.4 Spellcasting
 - Level 3.6 Charms


You had 9 spell levels left.
You knew the following spells:

 Your Spells              Type           Power        Failure   Level  Hunger
a - Infusion              Chrm           ##....       12%         1    #......


Dungeon Overview and Level Annotations

Branches:
Dungeon (5/15)
 Temple: D:4-7

Altars:
Nemelex Xobeh

Annotations:
D:3 Sigmund


Message History

The jelly barely misses you.
You hit the jelly. The acid corrodes you!
Your hands burn!
The jelly is almost dead.
The jelly hits you.
You are splashed with acid!
The acid burns!
You hit the jelly but do no damage. The acid corrodes you!
Your hands burn!
The jelly is almost dead.
The jelly hits you.
* * * LOW HITPOINT WARNING * * *
You are splashed with acid!
The acid burns!
* * * LOW HITPOINT WARNING * * *
You are too injured to fight recklessly!
You are too injured to fight recklessly!
You are too injured to fight recklessly!
You are too injured to fight recklessly!
You are too injured to fight recklessly!
You are too injured to fight recklessly!
You are too injured to fight recklessly!
You are too injured to fight recklessly!
You hit the jelly.
Your hands burn!
You die...

#+###+###+# +.........#
..... #.........+......
#.........#...... .
#.........#......
...##+##.#####.....
.......#.###....##+###+
......J@...'....+.....
.......#...#....#....
.......##+##....#..#
+####..........##..##
+........(.'....#
#..........#....+
#..........#.)######
##.....#+###+##.....
.....+....(.#.....


You could see a jelly.

Vanquished Creatures
  Purgy (Sewer)
  A centaur (D:5)
  A scorpion (D:4)
  A hound (D:4)
  Jessica (D:2)
  A giant frog skeleton (D:5)
  2 worker ants (D:4)
  A killer bee zombie (D:4)
  A hound skeleton (D:4)
  4 gnolls
  5 adders
  2 river rats (D:3)
  An ooze (D:2)
  2 worms
  7 giant geckos
  12 bats
  6 giant cockroaches
  5 hobgoblins
  6 jackals
  2 ball pythons (D:4)
  7 giant newts
  7 goblins
  13 kobolds
  9 rats
98 creatures vanquished.

Notes
Turn   | Place    | Note
--------------------------------------------------------------
     0 | D:1      | kae the High Elf Skald began the quest for the Orb.
     0 | D:1      | Reached XP level 1. HP: 14/14 MP: 4/4
   145 | D:1      | Found a sparkling altar of Nemelex Xobeh.
   387 | D:1      | Reached XP level 2. HP: 17/19 MP: 6/6
   997 | D:1      | Reached skill level 4 in Long Blades
  1158 | D:2      | Reached XP level 3. HP: 15/24 MP: 3/7
  1620 | D:2      | Reached skill level 5 in Long Blades
  2042 | D:2      | Reached XP level 4. HP: 18/29 MP: 3/8
  2469 | D:2      | Found a sparkling altar of Nemelex Xobeh.
  2471 | D:2      | Noticed Jessica
  2479 | D:2      | Killed Jessica
  2479 | D:2      | Reached skill level 6 in Long Blades
  2479 | D:2      | Reached XP level 5. HP: 17/34 MP: 5/9
  2965 | D:3      | Noticed Sigmund
  3079 | D:3      | Found a glowing drain.
  3210 | Sewer    | Entered a sewer
  3267 | Sewer    | Noticed Purgy
  3302 | Sewer    | Killed Purgy
  3302 | Sewer    | Reached skill level 7 in Long Blades
  3302 | Sewer    | Reached XP level 6. HP: 13/39 MP: 0/10
  4135 | D:4      | Reached skill level 8 in Long Blades
  5036 | D:4      | Reached skill level 9 in Long Blades
  5068 | D:5      | Entered Level 5 of the Dungeon
  5141 | D:5      | Reached XP level 7. HP: 18/45 MP: 11/11
  5345 | D:5      | Splashed by a jelly's acid

Vault maps used:
D:1:      mrwooster_arrival_arrow, nemelex_deck
D:2:      nicolae_overflow_crystal_walls, uniq_jessica
D:3:      portal_sewer_entry_b, uniq_sigmund
D:5:      first_bread
Sewer:    sewer_the_crocodile

Action                   |  1- 3 |  4- 6 |  7- 9 || total
-------------------------+-------+-------+-------++-------
Melee: Falchion          |   149 |   317 |     7 ||   473
 Cast: Infusion          |     3 |     6 |       ||     9
  Use: Scroll            |     4 |     2 |       ||     6
  Eat: Chunk             |     3 |    10 |       ||    13
